 Dungeon Crawl Stone Soup version 0.28.0-53-g5a82cb258f (webtiles) character file.

Game seed: 5855274801922198383

26181 mcbry74 the Severer (level 12, -2/100 HPs)
             Began as a Minotaur Gladiator on July 21, 2022.
             Was a Priest of Trog.
             Slain by Sonja
             ... wielding a +2 short sword of distortion
              (23 damage)
             ... on level 3 of the Lair of Beasts.
             The game lasted 00:42:45 (14040 turns).

mcbry74 the Severer (Minotaur Gladiator)           Turns: 14040, Time: 00:42:45

Health: -2/100     AC: 13    Str: 27    XL:     12   Next: 96%
Magic:  11/11      EV: 13    Int:  7    God:    Trog [***...]
Gold:   646        SH:  0    Dex: 12    Spells: 11/11 levels left

rFire   . . .      SeeInvis .   a - +2 war axe
rCold   . . .      Faith    .   E - orb {light}
rNeg    . . .      Spirit   .   F - +0 ring mail of Free Expression {Regen+ Str+5}
rPois   +          Reflect  .   G - +2 hat
rElec   .          Harm     .   m - +0 cloak
rCorr   .          Rampage  .   v - +0 pair of gloves
Will    .....                   (no boots)
Stlth   +.........              L - amulet of regeneration
HPRegen 1.86/turn               C - ring of poison resistance
MPRegen 0.12/turn               (no ring)

@: lethally poisoned (-2 -> -3), on berserk cooldown, slowed, glowing, very slow
A: horns 2, retaliatory headbutt
a: Renounce Religion, Berserk, Trog's Hand


You were on level 3 of the Lair of Beasts.
You worshipped Trog.
Trog was most pleased with you.
You visited 4 branches of the dungeon, and saw 17 of its levels.

You collected 646 gold pieces.

Inventory:

Hand Weapons
 a - a +2 war axe (weapon)
 e - the +6 glaive "Oxtyre Rimerch" {venom, Fragile rPois Int+4 Dex+4}
   (You found it on level 1 of the Lair of Beasts)

   It poisons the flesh of those it strikes.
   Int:       It affects your intelligence (+4).
   Dex:       It affects your dexterity (+4).
   rPois:     It protects you from poison.
   Fragile:   It will be destroyed if unequipped.
 t - a +1 whip of electrocution
Missiles
 d - 9 throwing nets
 q - 17 poisoned darts (quivered)
 x - 8 boomerangs
 z - 2 javelins
 K - a curare-tipped dart
Armour
 m - a +0 cloak (worn)
 v - a +0 pair of gloves (worn)
 E - an orb of light (worn)
 F - the +0 ring mail of Free Expression (worn) {Regen+ Str+5}
   (You found it on level 3 of the Dungeon)

   Str:       It affects your strength (+5).
   Regen:     It increases your rate of health regeneration.
 G - a +2 hat (worn)
Jewellery
 f - a ring of magical power
 C - a ring of poison resistance (left hand)
 J - a ring of ice
 L - an amulet of regeneration (around neck)
Wands
 B - a wand of paralysis (18)
 H - a wand of acid (4)
Scrolls
 b - a scroll of silence
 c - a scroll of enchant armour
 g - 3 scrolls of teleportation
 i - a scroll of fear
 l - 3 scrolls of identify
 o - 2 scrolls of blinking
 s - 3 scrolls of enchant weapon
 y - 2 scrolls of immolation
Potions
 h - 2 potions of might
 j - 4 potions of attraction
 k - a potion of brilliance {unknown}
 p - 2 potions of haste
 r - a potion of cancellation {unknown}
 u - 2 potions of lignification {unknown}
 w - 8 potions of curing
 A - 3 potions of invisibility {unknown}
 D - 2 potions of ambrosia {unknown}
 P - 2 potions of heal wounds {unknown}
Miscellaneous
 n - a phial of floods


   Skills:
 + Level 7.5 Fighting
 - Level 17.4(17.8) Axes
 + Level 6.1(12.9) Polearms
 + Level 5.5 Throwing
 + Level 13.7 Armour
 + Level 5.0 Dodging
 + Level 5.7 Evocations


You had 11 spell levels left.
You didn't know any spells.
Your spell library contained the following spells:

 Spells                   Type           Power      Damage    Failure   Level
 Sandblast                Erth           0%         2d4       52%         1
 Passwall                 Tmut/Erth      0%         N/A       67%         2
 Stone Arrow              Conj/Erth      0%         3d7       88%         3


Dungeon Overview and Level Annotations

Branches:
Dungeon (12/15)            Temple (1/1) D:6            Lair (3/6) D:9
 Spider (0/4) Lair:3          Orc (1/2) D:11
  Swamp: Lair:2-4    Shoals: Lair:2-4

Altars:
Ashenzari
Cheibriados
Dithmenos
Elyvilon
Fedhas
Gozag
Hepliaklqana
Kikubaaqudgha
Makhleb
Nemelex Xobeh
Okawaru
Qazlal
Ru
Sif Muna
Trog
Uskayaw
Vehumet
Wu Jian
Xom
Yredelemnul
Zin
The Shining One

Shops:
D:2 [

Annotations:
Lair:3 Sonja


Innate Abilities, Weirdness & Mutations

You have a pair of horns on your head.
You reflexively headbutt those who attack you in melee.


Message History

The jumping spider pounces on you! The jumping spider bites you.
The jumping spider closely misses you.
The jumping spider bites you but does no damage.
The jumping spider leaps!
The jumping spider pounces on you!
You are caught in a web!
The jumping spider bites you but does no damage.
You are caught in a web!
You are caught in a web!
You are caught in a web!
The web tears apart.
You feel a strong urge to attack something.
You feel sick.
The jumping spider leaps! x2
Sonja throws a curare-tipped dart.
The curare-tipped dart hits you.
You feel sick.
Sonja closely misses you. x2; Sonja barely misses you.
The jumping spider leaps!
You barely miss Sonja.
You feel sick. Sonja hits you but does no damage.
You blink.
You feel sick. Sonja hits you but does no damage.
You blink.
Splash!
You fall into the shallow water.
Moving in this stuff is going to be slow.
You feel a strong urge to attack something.
You are no longer berserk.
You are exhausted.
You feel as though you will be slow longer.
You feel sick.
Sonja throws a curare-tipped dart.
The curare-tipped dart hits you.
You feel sick.
Sonja plants her feet in a plie.
Sonja hits you with a +2 short sword of distortion.
Space warps around you. Sonja hits you but does no damage.
Space warps horribly around you!!
* * * LOW HITPOINT WARNING * * *
Sonja hits you but does no damage. Space warps around you.
* * * LOW HITPOINT WARNING * * *
You closely miss Sonja.
You feel sick.
Sonja hits you with a +2 short sword of distortion.
* * * LOW HITPOINT WARNING * * *
Space warps horribly around you!!
You die...

## ###### #.###
#######.#..#######.P#
#....................
#....†#........P.+#..
###..K######..#......#
#####....@.## #..........P
..≈≈≈.≈≈≈s..# ##..........
#≈.≈≈.≈≈.≈.## #....##PP##P
#≈≈.≈.≈.≈≈.# .#..........
.≈≈≈...≈≈≈## ##.........#.
.....>.....# ##P..........
.≈≈≈...≈≈≈.............P..
.≈≈.≈.≈.≈≈..).............
.≈.≈≈.≈≈.≈................


You could see a jumping spider and Sonja.

Vanquished Creatures
  Harold (D:8)
  2 boulder beetles
  2 hydras
  Erica (D:11)
  A catoblepas (Lair:2)
  A two-headed ogre (D:11)
  Nergalle (D:10)
  Pikel (D:4)
  An ugly thing (D:12)
  A manticore (D:10)
  A black mamba (Lair:3)
  2 cane toads
  Maggie (D:10)
  Psyche (D:12)
  12 komodo dragons
  3 trolls
  Grinder (D:4)
  A hornet (D:7)
  Prince Ribbit (D:8)
  A jumping spider (Lair:3)
  3 wyverns (Lair:2)
  A vampire (D:8)
  3 basilisks
  44 yaks
  A wraith (D:9)
  2 steam dragons
  10 water moccasins
  2 orc warriors (D:9)
  A black bear (D:6)
  An ice beast (D:6)
  A sky beast (D:5)
  3 centaurs
  6 wolves (Lair:3)
  A phantom (D:5)
  A lemure (D:4)
  2 kobold brigands
  A scorpion (D:4)
  14 bullfrogs
  A gnoll sergeant (D:7)
  A wyvern skeleton (D:7)
  19 killer bees
  3 howler monkeys (D:10)
  An electric eel (Lair:2)
  6 centaur zombies
  A hound (D:4)
  A jelly (D:7)
  An orc priest (D:5)
  A bullfrog skeleton (D:6)
  A centaur skeleton (D:7)
  4 iguanas
  5 hell rats (Lair:3)
  A scorpion zombie (D:5)
  2 orc wizards
  A killer bee zombie (D:7)
  A hound skeleton (D:5)
  Robin (D:4)
  2 howler monkey zombies
  9 adders
  4 gnolls (D:7)
  2 shadow imps
  A white imp (D:6)
  An adder skeleton (D:4)
  3 worms
  A dart slug (D:1)
  8 orcs
  3 ball pythons
  A bat zombie (D:9)
  7 endoplasms
  4 giant cockroaches
  14 goblins
  12 hobgoblins
  5 jackals
  8 kobolds
  2 quokkas
  8 bats
  4 frilled lizards
  7 rats
  3 rat zombies (D:9)
293 creatures vanquished.

Vanquished Creatures (others)
  31 fungi
  27 plants
58 creatures vanquished.

Grand Total: 351 creatures vanquished

Notes
Turn   | Place    | Note
-------+----------+-------------------------------------------
     0 | D:1      | mcbry74 the Minotaur Gladiator began the quest for the Orb.
     0 | D:1      | Reached XP level 1. HP: 18/18 MP: 0/0
   155 | D:1      | Reached XP level 2. HP: 25/25 MP: 1/1
   316 | D:1      | Reached skill level 4 in Axes
   406 | D:1      | Reached skill level 1 in Armour
   986 | D:2      | Reached XP level 3. HP: 27/30 MP: 2/2
  1005 | D:2      | Found Taotemosomn's Antique Armour Shoppe.
  1150 | D:2      | Found a faded altar of an unknown god.
  1399 | D:4      | Reached XP level 4. HP: 29/38 MP: 3/3
  1542 | D:5      | Entered Level 5 of the Dungeon
  1652 | D:5      | Reached skill level 5 in Axes
  1688 | D:5      | Reached XP level 5. HP: 18/45 MP: 4/4
  1756 | D:5      | Noticed a phantom
  1892 | D:5      | Noticed a centaur
  1901 | D:5      | Killed a centaur
  2161 | D:5      | Reached XP level 6. HP: 22/52 MP: 5/5
  2348 | D:5      | Noticed a sky beast
  2371 | D:5      | Killed a sky beast
  2372 | D:5      | Reached skill level 6 in Axes
  2723 | D:5      | Reached skill level 7 in Axes
  2723 | D:5      | Reached XP level 7. HP: 59/59 MP: 6/6
  3587 | D:6      | Found a staircase to the Ecumenical Temple.
  3596 | Temple   | Entered the Ecumenical Temple
  3713 | Temple   | Became a worshipper of Trog the Wrathful
  3754 | D:6      | Reached skill level 8 in Axes
  3810 | D:6      | Reached skill level 5 in Armour
  4704 | D:3      | Identified the +0 ring mail of Free Expression {Regen+
                  | Str+5}
  5077 | D:4      | Noticed Pikel
  5104 | D:4      | Reached * piety under Trog
  5115 | D:4      | Killed Pikel
  5116 | D:4      | Reached skill level 10 in Axes
  5116 | D:4      | Reached XP level 8. HP: 40/66 MP: 7/7
  5616 | D:4      | Noticed Grinder
  5623 | D:4      | Killed Grinder
  5624 | D:4      | Reached skill level 1 in Evocations
  5670 | D:4      | Noticed Robin
  5685 | D:4      | Killed Robin
  5904 | D:6      | Found a sparkling altar of Nemelex Xobeh.
  5905 | D:6      | Found a hide-covered altar of Uskayaw.
  5905 | D:6      | Found a snail-covered altar of Cheibriados.
  6112 | D:6      | Found a hazy altar of Hepliaklqana.
  6114 | D:6      | Found a shadowy altar of Dithmenos.
  6194 | D:7      | Reached skill level 11 in Axes
  6254 | D:7      | Noticed a hornet
  6257 | D:7      | Killed a hornet
  6258 | D:7      | Reached XP level 9. HP: 71/71 MP: 8/8
  6738 | D:7      | Reached ** piety under Trog
  6877 | D:7      | Reached skill level 12 in Axes
  6921 | D:7      | Found a basalt altar of Yredelemnul.
  6921 | D:7      | Found an iron altar of Okawaru.
  6976 | D:7      | Found a burning altar of Makhleb.
  7207 | D:8      | Noticed Prince Ribbit
  7212 | D:8      | Killed Prince Ribbit
  7345 | D:8      | Noticed a boulder beetle
  7385 | D:8      | Killed a boulder beetle
  7386 | D:8      | Reached skill level 13 in Axes
  7386 | D:8      | Reached XP level 10. HP: 33/78 MP: 9/9
  7852 | D:8      | Noticed Harold
  7869 | D:8      | Killed Harold
  7870 | D:8      | Reached skill level 14 in Axes
  7931 | D:8      | Reached skill level 10 in Armour
  8464 | D:9      | Reached skill level 15 in Axes
  8563 | D:9      | Found a staircase to the Lair.
  8702 | D:9      | Found an ancient bone altar of Kikubaaqudgha.
  9009 | D:9      | Found an opulent altar of Gozag.
  9221 | D:10     | Entered Level 10 of the Dungeon
  9237 | D:10     | Noticed Maggie
  9263 | D:10     | Killed Maggie
  9412 | D:10     | Found a glowing silver altar of Zin.
  9451 | D:10     | Found a glowing golden altar of the Shining One.
  9471 | D:10     | Noticed a manticore
  9477 | D:10     | Killed a manticore
  9554 | D:10     | Reached XP level 11. HP: 81/84 MP: 10/10
  9754 | D:10     | Reached skill level 16 in Axes
  9770 | D:10     | Noticed Nergalle
  9800 | D:10     | Killed Nergalle
  9800 | D:10     | Reached *** piety under Trog
  9995 | D:10     | Found a shimmering blue altar of Sif Muna.
 10131 | D:11     | Noticed a boulder beetle
 10161 | D:11     | Killed a boulder beetle
 10387 | D:11     | Noticed Erica
 10407 | D:11     | Killed Erica
 10438 | D:11     | Reached skill level 17 in Axes
 10566 | D:11     | Found a staircase to the Orcish Mines.
 10859 | D:11     | Noticed a two-headed ogre
 10869 | D:11     | Killed a two-headed ogre
 10933 | D:11     | Reached skill level 1 in Polearms
 10988 | D:12     | Noticed Psyche
 10994 | D:12     | Killed Psyche
 11006 | D:12     | Noticed a green ugly thing
 11017 | D:12     | Killed a green ugly thing
 11213 | Orc:1    | Entered Level 1 of the Orcish Mines
 11319 | Lair:1   | Entered Level 1 of the Lair of Beasts
 11344 | Lair:1   | Identified the +6 glaive "Oxtyre Rimerch" {venom, Fragile
                  | rPois Int+4 Dex+4}
 11467 | Lair:1   | Reached skill level 5 in Fighting
 11477 | Lair:1   | Reached XP level 12. HP: 84/94 MP: 11/11
 12151 | Lair:2   | Noticed a five-headed hydra
 12158 | Lair:2   | Killed a five-headed hydra
 12654 | Lair:2   | Reached skill level 5 in Polearms
 12654 | Lair:2   | Reached skill level 5 in Evocations
 12704 | Lair:2   | Reached skill level 5 in Throwing
 13092 | Lair:2   | Noticed a catoblepas
 13110 | Lair:2   | Killed a catoblepas
 13628 | Lair:3   | Noticed a six-headed hydra
 13635 | Lair:3   | Killed a six-headed hydra
 13735 | Lair:3   | Reached skill level 5 in Dodging
 14017 | Lair:3   | Found a hole to the Spider Nest.
 14022 | Lair:3   | Noticed Sonja
 14040 | Lair:3   | Slain by Sonja

Illustrated notes

Levels and vault maps discovered:
D:1:      erik_arrival_cave_to_civilisation [erik_arrival_cave_to_hall],
          layout_loops_ring
D:2:      layout_basic, serial_shops, nicolae_shop_crystal,
          basic_ecumenical_altar, minmay_small_reverse_x
D:3:      layout_basic
D:4:      layout_loops_ring, uniq_grinder, uniq_robin, uniq_pikel
D:5:      layout_rooms, kennysheep_small_spiral, minmay_misc_feat_nine_boxes,
          patterned_corridor
D:6:      layout_cave_pools, riverfiend_overflow_shadow_ancestor,
          chequers_temple_overflow_statue_of_worship,
          minmay_temple_entry_junction_2
D:7:      layout_basic, bloody_makhleb, mainiacjoe_overflow_large_starburst,
          nicolae_benzene_ring
D:8:      layout_loops_ring, minmay_stone_trees_medium, roderic_lattice_a,
          uniq_harold, uniq_prince_ribbit1
D:9:      layout_roguey, kennysheep_mini, lemuel_zombie_altar_kikubaaqudgha,
          grunt_lair_entry_orc_guard_hut
D:10:     layout_small_grid, tso_altar, lemuel_blue_sif_altar,
          mainiacjoe_overflow_boulevard, serial_glass, glass_columns_a,
          glass_columns_a, glass_columns_c, glass_columns_b, glass_columns_c,
          glass_columns_a, uniq_maggie, uniq_nergalle
D:11:     layout_basic, orc_0_dummy, uniq_erica
D:12:     layout_basic, nicolae_trove_entry_path_of_doom, uniq_psyche
Temple:   kb_temple_of_zot
Lair:1:   layout_chaotic_city, serial_bayou_pond_a, grunt_megastairs_3,
          infiniplex_staircase_pool_2, lemuel_fruit_tree
Lair:2:   beast_lair_carwin_large_2, layout_regular_city, serial_bayou_lagoon_a,
          chequers_serial_rivers_small_b, minivault_11
Lair:3:   layout_chaotic_city, spider_nest_entry_a, uniq_sonja
Orc:1:    layout_caves, special_room [special_room_orc], serial_shops,
          nicolae_shop_hallway_plus

Skill      XL: |  1  2  3  4  5  6  7  8  9 10 11 12 |
---------------+-------------------------------------+-----
Axes           | 4 5 7 10 11 13 15 17 | 17.4
Armour         | 1 2 3 4 6 7 9 11 12 13 | 13.7
Fighting       | 3 4 5 7 |  7.5
Dodging        | 4 5 |  5.0
Evocations     | 2 3 5 |  5.7
Polearms       | 2 6 |  6.1
Throwing       | 3 5 |  5.5

Action                   |  1- 3 |  4- 6 |  7- 9 | 10-12 || total
-------------------------+-------+-------+-------+-------++-------
Melee: War axe           |    85 |    42 |   242 |   506 ||   875
       Headbutt          |     8 |     7 |    56 |   161 ||   232
       Punch             |     1 |       |       |       ||     1
       Whip              |       |       |       |     7 ||     7
Throw: Dart              |     3 |    13 |    10 |    14 ||    40
       Boomerang         |       |       |       |     6 ||     6
       Javelin           |       |       |       |     2 ||     2
Invok: Berserk           |       |       |     4 |     4 ||     8
       Trog's Hand       |       |       |       |     5 ||     5
  Use: Scroll            |       |       |       |    19 ||    19
       Potion            |       |       |       |     1 ||     1
Armor: Leather armour    |    22 |     6 |     2 |       ||    30
       Scale mail        |       |       |    20 |       ||    20
       Ring mail         |       |       |    45 |   126 ||   171
Dodge: Dodged            |    68 |    34 |   133 |   238 ||   473
